AA - U28
NORTHWEST ARKANSAS NATURALS @ ALEXANDRIA ACES
07/10/2063
 
TOP OF THE 1ST
Biloxi Shuckers batting - Pitching for Northwest Arkansas Naturals : RHP Khiry Warren
Pitching: RHP Khiry Warren
Batting: LHB Douggie Mattson 0-0: Fly out, F7 (Flyball, 7LS, EV 85.0 MPH)
Batting: RHB Killian Goode 0-0: Ball
1-0: Fly out, F8 (Flyball, 8LD, EV 96.2 MPH)
Batting: LHB Dawlyn Molina 0-0: Ball
1-0: Ball
2-0: Swinging Strike
2-1: Ground out 4-3 (Groundball, 4, EV 90.0 MPH)
Top of the 1st over - 0 runs, 0 hits, 0 errors, 0 left on base; Biloxi 0 - Northwest Arkansas 0
BOTTOM OF THE 1ST
Northwest Arkansas Naturals batting - Pitching for Biloxi Shuckers : LHP Jacob Houston
Pitching: LHP Jacob Houston
Batting: RHB Jorge Silva 0-0: Swinging Strike
0-1: Swinging Strike
0-2: Ball
1-2: Strikes out looking
Batting: RHB Brian Fitzgerald 0-0: Ball
1-0: Swinging Strike
1-1: Ball
2-1: Swinging Strike
2-2: Ball
3-2: Fly out, F9 (Flyball, 89S, EV 86.9 MPH)
Batting: LHB Levi Luhmann 0-0: Ball
1-0: Ground out 5-3 (Groundball, 56, EV 91.9 MPH)
Bottom of the 1st over - 0 runs, 0 hits, 0 errors, 0 left on base; Biloxi 0 - Northwest Arkansas 0
TOP OF THE 2ND
Biloxi Shuckers batting - Pitching for Northwest Arkansas Naturals : RHP Khiry Warren
Batting: LHB B.J. Barth 0-0: Ball
1-0: Called Strike
1-1: Called Strike
1-2: Foul Ball, location: 2F
1-2: Strikes out swinging
Batting: SHB Lindsey Gibson 0-0: Ball
1-0: Called Strike
1-1: Foul Ball, location: 2F
1-2: Strikes out swinging
Batting: SHB Kelly Schick 0-0: Ball
1-0: Ball
2-0: Called Strike
2-1: Ball
3-1: Base on Balls
Batting: RHB William Wiggins 0-0: Called Strike
0-1: Called Strike
0-2: Ball
1-2: Ball
2-2: Foul Ball, location: 2F
2-2: Ball
3-2: Foul Ball, location: 2F
3-2: Ground out U3 (Groundball, 34S, EV 88.8 MPH)
Top of the 2nd over - 0 runs, 0 hits, 0 errors, 1 left on base; Biloxi 0 - Northwest Arkansas 0
BOTTOM OF THE 2ND
Northwest Arkansas Naturals batting - Pitching for Biloxi Shuckers : LHP Jacob Houston
Batting: LHB Félix De Los Santos 0-0: Ball
1-0: Called Strike
1-1: Foul Ball, location: 2F
1-2: Strikes out swinging
Batting: SHB Jeremy Huggins 0-0: Called Strike
0-1: Ball
1-1: Foul Ball, location: 2F
1-2: Ball
2-2: Foul Ball, location: 2F
2-2: Ball
3-2: Base on Balls
Batting: LHB Bryce Tatum 0-0: Foul Ball, location: 2F
0-1: Ball
1-1: Grounds into double play, 5-4-3 (Groundball, 56, EV 108.8 MPH)
Bottom of the 2nd over - 0 runs, 0 hits, 0 errors, 0 left on base; Biloxi 0 - Northwest Arkansas 0
TOP OF THE 3RD
Biloxi Shuckers batting - Pitching for Northwest Arkansas Naturals : RHP Khiry Warren
Batting: RHB Josh Whitmyre 0-0: Fly out, F3 (Popup, 3SF, EV 71.9 MPH)
Batting: RHB Darrel Gunter 0-0: Ball
1-0: Called Strike
1-1: Called Strike
1-2: Ball
2-2: Foul Ball, location: 2F
2-2: Ball
3-2: Foul Ball, location: 2F
3-2: Base on Balls
Batting: LHB Douggie Mattson 0-0: Called Strike
0-1: Foul Ball, location: 2F
0-2: Ball
1-2: Foul Ball, location: 2F
1-2: Ball
Darrel Gunter steals 2nd base
2-2: SINGLE (Groundball, 34D, EV 100.6 MPH)
Darrel Gunter to third
Runner from 3rd tries for Home, SAFE, throw by RF to home
Batting: RHB Killian Goode 0-0: Called Strike
0-1: Called Strike
0-2: Ball
1-2: Ball
2-2: Foul Ball, location: 2F
2-2: Foul Ball, location: 2F
2-2: Ball
Douggie Mattson steals 2nd base
3-2: SINGLE (Line Drive, 7S, EV 95.6 MPH)
Douggie Mattson to third
Runner from 3rd tries for Home, SAFE, throw by LF to home
Batting: LHB Dawlyn Molina 0-0: Ball
Killian Goode steals 2nd base
1-0: Called Strike
1-1: Ball
2-1: Ball
3-1: Called Strike
3-2: Fly out, F5 (Popup, 6S, EV 68.8 MPH)
Batting: LHB B.J. Barth 0-0: Ball
1-0: Foul Ball, location: 2F
1-1: Called Strike
1-2: Strikes out swinging
Top of the 3rd over - 2 runs, 2 hits, 0 errors, 1 left on base; Biloxi 2 - Northwest Arkansas 0
BOTTOM OF THE 3RD
Northwest Arkansas Naturals batting - Pitching for Biloxi Shuckers : LHP Jacob Houston
Batting: RHB Jedd Darnaby 0-0: Ball
1-0: Ball
2-0: Ball
3-0: Base on Balls
Batting: RHB Andrew Hong 0-0: Swinging Strike
0-1: Swinging Strike
0-2: Strikes out swinging
Batting: SHB Peter Cross 0-0: Called Strike
0-1: Called Strike
0-2: Fielders Choice at 2nd, 3-6 (Groundball, 34, EV 103.8 MPH)
Batting: RHB Jorge Silva 0-0: Fly out, F9 (Line Drive, 9, EV 90.6 MPH)
Bottom of the 3rd over - 0 runs, 0 hits, 0 errors, 1 left on base; Biloxi 2 - Northwest Arkansas 0
TOP OF THE 4TH
Biloxi Shuckers batting - Pitching for Northwest Arkansas Naturals : RHP Khiry Warren
Batting: SHB Lindsey Gibson 0-0: Called Strike
0-1: Ball
1-1: Ball
2-1: Ball
3-1: Base on Balls
Batting: SHB Kelly Schick 0-0: Ball
Lindsey Gibson steals 2nd base
1-0: Called Strike
1-1: Called Strike
1-2: Ground out 4-3 (Groundball, 4, EV 100.6 MPH)
Lindsey Gibson to third
Batting: RHB William Wiggins 0-0: SINGLE (Line Drive, 8LM, EV 105.6 MPH)
Lindsey Gibson scores
Batting: RHB Josh Whitmyre 0-0: Called Strike
0-1: Called Strike
0-2: Strikes out swinging
Batting: RHB Darrel Gunter 0-0: Ball
1-0: Ground out 5-3 (Groundball, 56, EV 83.1 MPH)
Top of the 4th over - 1 run, 1 hit, 0 errors, 1 left on base; Biloxi 3 - Northwest Arkansas 0
BOTTOM OF THE 4TH
Northwest Arkansas Naturals batting - Pitching for Biloxi Shuckers : LHP Jacob Houston
Batting: RHB Brian Fitzgerald 0-0: Fly out, F8 (Line Drive, 8RM, EV 88.8 MPH)
Batting: LHB Levi Luhmann 0-0: Called Strike
0-1: Called Strike
0-2: Ball
1-2: Strikes out looking
Batting: LHB Félix De Los Santos 0-0: Foul Ball, location: 2F
0-1: Ball
1-1: Foul Ball, location: 2F
1-2: Strikes out swinging, 2-3 out at first.
Bottom of the 4th over - 0 runs, 0 hits, 0 errors, 0 left on base; Biloxi 3 - Northwest Arkansas 0
TOP OF THE 5TH
Biloxi Shuckers batting - Pitching for Northwest Arkansas Naturals : RHP Khiry Warren
Batting: LHB Douggie Mattson 0-0: Called Strike
0-1: Foul Ball, location: 2F
0-2: Ball
1-2: Strikes out looking
Batting: RHB Killian Goode 0-0: DOUBLE (Line Drive, 78D, EV 110.0 MPH)
Batting: LHB Dawlyn Molina 0-0: Ball
Wild Pitch!
Killian Goode to third
1-0: SINGLE (Flyball, 56D, EV 93.8 MPH)
Killian Goode scores
Batting: LHB B.J. Barth 0-0: Ball
1-0: Called Strike
1-1: Ball
2-1: Swinging Strike
2-2: Foul Ball, location: 2F
2-2: Strikes out looking
Batting: SHB Lindsey Gibson 0-0: Ball
1-0: Called Strike
1-1: Ball
2-1: Foul Ball, location: 2F
2-2: Foul Ball, location: 2F
2-2: Strikes out looking
Top of the 5th over - 1 run, 2 hits, 0 errors, 1 left on base; Biloxi 4 - Northwest Arkansas 0
BOTTOM OF THE 5TH
Northwest Arkansas Naturals batting - Pitching for Biloxi Shuckers : LHP Jacob Houston
Batting: SHB Jeremy Huggins 0-0: Called Strike
0-1: Ball
1-1: DOUBLE (Line Drive, 78XD, EV 100.6 MPH)
Batting: LHB Bryce Tatum 0-0: Called Strike
0-1: Swinging Strike
0-2: Ball
1-2: Foul Ball, location: 2F
1-2: Strikes out looking
Batting: RHB Jedd Darnaby 0-0: Called Strike
0-1: Ball
1-1: Called Strike
1-2: Strikes out swinging
Batting: RHB Andrew Hong 0-0: Ball
1-0: Ball
2-0: Foul Ball, location: 2F
2-1: Ball
3-1: Called Strike
3-2: Base on Balls
Batting: SHB Peter Cross 0-0: Called Strike
0-1: Ball
1-1: Ground out 5-3 (Groundball, 56S, EV 85.0 MPH)
Bottom of the 5th over - 0 runs, 1 hit, 0 errors, 2 left on base; Biloxi 4 - Northwest Arkansas 0
TOP OF THE 6TH
Biloxi Shuckers batting - Pitching for Northwest Arkansas Naturals : RHP Khiry Warren
Batting: SHB Kelly Schick 0-0: Called Strike
0-1: Swinging Strike
0-2: Ball
1-2: Ball
2-2: Ground out 5-3 (Groundball, 56, EV 103.1 MPH)
Pitching: RHP Jaret Shumpert
Batting: RHB William Wiggins 0-0: Swinging Strike
0-1: Ball
1-1: Foul Ball, location: 2F
1-2: Strikes out swinging
Batting: RHB Josh Whitmyre 0-0: Called Strike
0-1: Fly out, F4 (Popup, 4, EV 54.4 MPH)
Top of the 6th over - 0 runs, 0 hits, 0 errors, 0 left on base; Biloxi 4 - Northwest Arkansas 0
BOTTOM OF THE 6TH
Northwest Arkansas Naturals batting - Pitching for Biloxi Shuckers : LHP Jacob Houston
Batting: RHB Jorge Silva 0-0: Ball
1-0: Called Strike
1-1: Swinging Strike
1-2: Foul Ball, location: 2F
1-2: Ball
2-2: Ground out 6-3 (Groundball, 6M, EV 107.5 MPH)
Batting: RHB Brian Fitzgerald 0-0: Ball
1-0: Fly out, F4 (Popup, 4S, EV 75.6 MPH)
Batting: LHB Levi Luhmann 0-0: Called Strike
0-1: SINGLE (Line Drive, 4D, EV 108.1 MPH)
Batting: LHB Félix De Los Santos 0-0: Ball
1-0: SINGLE (Groundball, 34D, EV 95.6 MPH)
Levi Luhmann to second
Runner from 2nd tries for 3rd, SAFE, throw by RF made to third
Batting: SHB Jeremy Huggins 0-0: Fielders Choice at 2nd, 6-4 (Groundball, 6, EV 84.4 MPH)
Bottom of the 6th over - 0 runs, 2 hits, 0 errors, 2 left on base; Biloxi 4 - Northwest Arkansas 0
TOP OF THE 7TH
Biloxi Shuckers batting - Pitching for Northwest Arkansas Naturals : RHP Jaret Shumpert
Batting: RHB Darrel Gunter 0-0: Ball
1-0: Swinging Strike
1-1: Ground out 6-3 (Groundball, 6S, EV 90.0 MPH)
Batting: LHB Douggie Mattson 0-0: Ball
1-0: Ball
2-0: Ball
3-0: Base on Balls
Batting: RHB Killian Goode 0-0: Ball
1-0: DOUBLE (Flyball, 8RXD, EV 96.9 MPH)
Douggie Mattson to third
Batting: LHB Dawlyn Molina 0-0: Foul Ball, location: 2F
0-1: Ball
1-1: Ball
2-1: Foul Ball, location: 2F
2-2: Ball
3-2: Foul Ball, location: 2F
3-2: SINGLE (Groundball, 34D, EV 101.2 MPH) (infield hit)
Douggie Mattson scores
Killian Goode to third
Batting: LHB B.J. Barth 0-0: Called Strike
0-1: Foul Ball, location: 2F
0-2: Strikes out looking
Batting: SHB Lindsey Gibson 0-0: Swinging Strike
0-1: 3-RUN HOME RUN (Flyball, 9LD, EV 103.1 MPH), Distance : 369 ft
Batting: SHB Kelly Schick 0-0: Called Strike
0-1: Ball
1-1: SINGLE (Groundball, 6MD, EV 109.4 MPH) (infield hit)
Batting: RHB William Wiggins 0-0: Ball
1-0: Ball
2-0: Foul Ball, location: 2F
2-1: Ball
3-1: Foul Ball, location: 2F
3-2: Base on Balls
Kelly Schick to second
Batting: RHB Josh Whitmyre 0-0: Fly out, F7 (Flyball, 78M, EV 89.4 MPH)
Top of the 7th over - 4 runs, 4 hits, 0 errors, 2 left on base; Biloxi 8 - Northwest Arkansas 0
BOTTOM OF THE 7TH
Northwest Arkansas Naturals batting - Pitching for Biloxi Shuckers : LHP Jacob Houston
Batting: LHB Bryce Tatum 0-0: Ball
1-0: Swinging Strike
1-1: Called Strike
1-2: Ball
2-2: Foul Ball, location: 2F
2-2: Ground out 4-3 (Groundball, 4, EV 91.9 MPH)
Batting: RHB Jedd Darnaby 0-0: Ball
1-0: Ball
2-0: Called Strike
2-1: Ball
3-1: Base on Balls
Batting: RHB Andrew Hong 0-0: Ball
1-0: Ball
2-0: Ball
3-0: Base on Balls
Jedd Darnaby to second
Batting: SHB Peter Cross 0-0: Called Strike
0-1: Foul Ball, location: 2F
0-2: Fly out, F8 (Flyball, 8RD, EV 109.4 MPH)
Pitching: RHP Fred Jackson
Batting: RHB Jorge Silva 0-0: Ball
1-0: Foul Ball, location: 2F
1-1: Ball
2-1: Ball
3-1: Called Strike
3-2: Foul Ball, location: 2F
3-2: Ground out 5-3 (Groundball, 5, EV 89.4 MPH)
Bottom of the 7th over - 0 runs, 0 hits, 0 errors, 2 left on base; Biloxi 8 - Northwest Arkansas 0
TOP OF THE 8TH
Biloxi Shuckers batting - Pitching for Northwest Arkansas Naturals : RHP Jaret Shumpert
Pinch Hitting: SHB Wyatt Gehrke 0-0: Ball
1-0: Foul Ball, location: 2F
1-1: Fly out, F7 (Flyball, 7, EV 90.6 MPH)
Batting: LHB Douggie Mattson 0-0: Foul Ball, location: 2F
0-1: Ball
1-1: Ball
2-1: Ball
3-1: Base on Balls
Pitching: RHP Dave Bojarski
Batting: RHB Killian Goode 0-0: Fly out, F3 (Popup, 3SF, EV 84.4 MPH)
Batting: LHB Dawlyn Molina 0-0: Ball
1-0: Called Strike
1-1: Ball
2-1: SINGLE (Groundball, 4MD, EV 108.1 MPH)
Douggie Mattson to second
Batting: LHB B.J. Barth 0-0: Called Strike
0-1: Ball
1-1: Ball
2-1: SINGLE (Groundball, 4MD, EV 106.9 MPH)
Douggie Mattson to third
Dawlyn Molina to second
Runner from 3rd tries for Home, SAFE, throw by CF to home
Batting: SHB Lindsey Gibson 0-0: Foul Ball, location: 2F
0-1: Called Strike
0-2: SINGLE (Groundball, 4MS, EV 66.2 MPH) (infield hit)
Dawlyn Molina to third
B.J. Barth to second
Batting: SHB Kelly Schick 0-0: Called Strike
0-1: Ball
1-1: SINGLE (Groundball, 5S, EV 69.4 MPH) (infield hit)
Dawlyn Molina scores
B.J. Barth to third
Lindsey Gibson to second
Batting: RHB William Wiggins 0-0: Called Strike
0-1: Swinging Strike
0-2: Strikes out swinging
Top of the 8th over - 2 runs, 4 hits, 0 errors, 3 left on base; Biloxi 10 - Northwest Arkansas 0
BOTTOM OF THE 8TH
Northwest Arkansas Naturals batting - Pitching for Biloxi Shuckers : RHP Fred Jackson
Now at 2B: Wyatt Gehrke
Batting: RHB Brian Fitzgerald 0-0: Ball
1-0: Called Strike
1-1: Fly out, F4 (Line Drive, 4, EV 73.8 MPH)
Batting: LHB Levi Luhmann 0-0: Ball
1-0: DOUBLE (Line Drive, 3D, EV 98.8 MPH)
Batting: LHB Félix De Los Santos 0-0: Foul Ball, location: 2F
0-1: Fly out, F8 (Flyball, 8LM, EV 85.0 MPH)
Batting: SHB Jeremy Huggins 0-0: Foul Ball, location: 2F
0-1: Swinging Strike
0-2: Foul Ball, location: 2F
0-2: Strikes out looking
Bottom of the 8th over - 0 runs, 1 hit, 0 errors, 1 left on base; Biloxi 10 - Northwest Arkansas 0
TOP OF THE 9TH
Biloxi Shuckers batting - Pitching for Northwest Arkansas Naturals : RHP Dave Bojarski
Pinch Hitting: LHB Patrick Jedin 0-0: Called Strike
0-1: TRIPLE (Flyball, 78XD, EV 94.4 MPH)
Batting: SHB Wyatt Gehrke 0-0: Ball
1-0: Ball
2-0: SINGLE (Line Drive, 6D, EV 93.8 MPH)
Patrick Jedin scores
Batting: LHB Douggie Mattson 0-0: Called Strike
0-1: Foul Ball, location: 2F
0-2: Foul Ball, location: 2F
0-2: Foul Ball, location: 2F
0-2: Ball
1-2: Grounds into double play, 6-4-3 (Groundball, 6, EV 102.5 MPH)
Batting: RHB Killian Goode 0-0: Ball
1-0: Ball
2-0: Fly out, F5 (Line Drive, 5, EV 76.2 MPH)
Top of the 9th over - 1 run, 2 hits, 0 errors, 0 left on base; Biloxi 11 - Northwest Arkansas 0
BOTTOM OF THE 9TH
Northwest Arkansas Naturals batting - Pitching for Biloxi Shuckers : RHP Fred Jackson
Now at 3B: Damian Estabrook
Batting: LHB Bryce Tatum 0-0: Ball
1-0: Fly out, F6 (Popup, 6, EV 73.8 MPH)
Batting: RHB Jedd Darnaby 0-0: Ball
1-0: Ball
2-0: Ball
3-0: Called Strike
3-1: Base on Balls
Batting: RHB Andrew Hong 0-0: Called Strike
0-1: Foul Ball, location: 2F
0-2: Strikes out swinging
Batting: SHB Peter Cross 0-0: Ball
1-0: Ball
2-0: Ball
3-0: Base on Balls
Jedd Darnaby to second
Batting: RHB Jorge Silva 0-0: Called Strike
0-1: Swinging Strike
0-2: Strikes out swinging
Bottom of the 9th over - 0 runs, 0 hits, 0 errors, 2 left on base; Biloxi 11 - Northwest Arkansas 0
Sunday, June 1st , 2025 - OOTP Baseball 25.11 Build 104